Map: Eternal Empire LE

Players

DrOhBoli - Winner!

  • Race: Protoss Protoss
  • League: Diamond
  • Spawn Location: 1:00

A.I. 1 (Medium)

  • Race: Terran Terran
  • Spawn Location: 7:00

VOD

Have the link to the VOD?

Description

Time

  • Played on: April 11, 2020, 12:36 p.m.
  • Length: 11:31
Show
View Real Time Build Order
Export as new Build Order

DrOhBoli Protoss - Winner!

Build Orders: 1 Gate Expand, Colossus Rush 

Get SALT Encoding   

  12  0:01  Probe  
  13  0:13  Probe  
  14  0:17  Pylon  
  14  0:25  Probe  
  15  0:37  Probe  
  15  0:41  Gateway  
  16  0:45  Assimilator  
  16  0:49  Probe (Chrono Boost)  
  17  0:58  Probe (Chrono Boost)  
  17  1:03  Probe (Chrono Boost)  
  19  1:15  Probe  
  20  1:26  Nexus  
  20  1:36  Cybernetics Core  
  20  1:44  Assimilator  
  20  1:45  Probe  
  21  1:53  Pylon  
  21  1:57  Probe  
  22  2:08  Probe  
  22  2:09  Stalker (Chrono Boost)  
  22  2:13  Warp Gate  
  25  2:16  Probe  
  26  2:25  Probe  
  26  2:28  Pylon  
  27  2:32  Sentry  
  30  2:37  Probe  
  30  2:43  Probe  
  31  2:49  Robotics Facility  
  31  2:50  Probe  
  32  2:59  Gateway  
  32  3:03  Stalker  
  34  3:09  Probe x2 (Chrono Boost)  
  38  3:21  Probe (Chrono Boost)  
  38  3:23  Probe (Chrono Boost), Pylon  
  38  3:25  Probe (Chrono Boost)  
  39  3:31  Probe  
  40  3:35  Stalker  
  40  3:40  Robotics Bay  
  42  3:42  Probe  
  42  3:43  Observer  
  42  3:44  Probe  
  45  3:54  Probe  
  46  3:58  Probe  
  46  4:01  Assimilator  
  47  4:04  Assimilator, Pylon  
  47  4:06  Probe  
  48  4:10  Probe  
  49  4:18  Probe  
  49  4:22  Probe, Pylon  
  51  4:24  Colossus (Chrono Boost)  
  51  4:25  Stalker  
  51  4:30  Probe  
  60  4:34  Probe  
  60  4:37  Stalker  
  63  4:42  Probe, Pylon  
  64  4:46  Probe  
  64  4:49  Extended Thermal Lance  
  65  4:54  Probe  
  66  5:04  Nexus  
  67  5:07  Probe  
  67  5:15  Colossus  
  67  5:17  Probe  
  74  5:22  Pylon  
  74  5:25  Probe  
  75  5:28  Stalker  
  75  5:32  Probe  
  75  5:33  Stalker  
  80  5:38  Probe  
  81  5:43  Twilight Council  
  81  5:44  Probe  
  81  5:45  Forge  
  82  5:50  Forge  
  82  5:55  Pylon  
  82  5:59  Pylon  
  82  6:00  Probe x2  
  84  6:05  Stalker  
  86  6:12  Probe  
  86  6:14  Probe, Protoss Ground Weapons Level 1 (Chrono Boost)  
  86  6:16  Protoss Ground Armor Level 1 (Chrono Boost), Colossus (Chrono Boost)  
  94  6:19  Stalker  
  94  6:24  Probe  
  94  6:25  Charge  
  97  6:32  Probe  
  98  6:37  Probe, Assimilator  
  98  6:39  Probe  
  100  6:41  Assimilator  
  100  6:44  Probe  
  101  6:49  Probe  
  101  6:51  Probe  
  101  6:52  Pylon  
  103  7:02  Probe x2  
  103  7:04  Probe  
  103  7:06  Colossus (Chrono Boost)  
  112  7:13  Stalker x2  
  116  7:17  Probe x2  
  116  7:18  Probe  
  119  7:36  Nexus  
  119  7:38  Assimilator, Gateway  
  119  7:39  Gateway  
  119  7:41  Zealot, Gateway  
  119  7:43  Assimilator  
  121  7:44  Gateway  
  121  7:45  Pylon  
  121  7:46  Pylon  
  121  7:47  Zealot  
  121  7:48  Pylon  
  123  7:55  Probe  
  123  7:56  Probe x2  
  126  8:07  Probe  
  126  8:09  Probe x2, Templar Archives  
  126  8:10  Zealot x2  
  134  8:20  Probe  
  134  8:21  Probe x2  
  134  8:26  Protoss Ground Weapons Level 2 (Chrono Boost)  
  136  8:27  Protoss Ground Armor Level 2 (Chrono Boost)  
  136  8:29  Immortal  
  141  8:34  Probe x3, Psionic Storm  
  143  8:46  Probe  
  144  8:52  Zealot x6  
  144  8:55  Probe  
  157  9:09  Stargate  
  157  9:14  Gateway  
  157  9:15  Immortal  
  161  9:18  Gateway x2  
  161  9:26  Gateway  
  161  9:32  Nexus  
  161  9:36  Pylon  
  161  9:39  Pylon  
  161  9:42  Gateway x2  
  161  9:43  Pylon  
  161  9:45  Pylon  
  161  9:46  Stargate, Gateway  
  161  9:48  Unknown  
  161  9:54  Immortal  
  161  9:56  High Templar x6  
  177  10:01  Archon x2  
  177  10:02  Archon  
  177  10:10  Fleet Beacon  
  177  10:20  Zealot x3  
  183  10:33  Zealot x7  
  197  10:54  Gateway  
  197  10:55  Gateway  
  197  10:57  Gateway  
  197  10:59  Photon Cannon  
  197  11:00  Photon Cannon  
  197  11:02  Photon Cannon  
  197  11:03  Gateway  
  197  11:04  Gateway  
  197  11:07  Zealot x3, Photon Cannon, Gateway  
  197  11:10  Shield Battery x2  
Show
View Real Time Build Order
Export as new Build Order

A.I. 1 (Medium) Terran 

Build Orders: 2 Factory 

Get SALT Encoding   

  12  0:00  SCV  
  13  0:13  SCV  
  14  0:19  Supply Depot  
  14  0:25  SCV  
  15  0:40  SCV  
  16  0:43  Barracks  
  16  0:53  SCV  
  17  1:05  SCV  
  18  1:17  Command Center  
  18  1:30  Marine  
  19  1:33  Orbital Command  
  19  1:38  Supply Depot  
  19  1:45  Refinery  
  19  1:48  Marine  
  20  1:59  SCV  
  21  2:02  Barracks  
  21  2:09  Refinery  
  21  2:12  SCV  
  22  2:26  SCV  
  23  2:32  Marine  
  24  2:39  SCV  
  25  2:45  SCV, Factory  
  25  2:46  Refinery  
  25  2:51  SCV, Barracks Tech Lab  
  27  3:03  Refinery  
  27  3:08  Factory  
  27  3:11  SCV  
  27  3:12  Barracks Tech Lab  
  28  3:22  Marine  
  28  3:25  SCV  
  30  3:28  SCV  
  30  3:29  Factory Tech Lab  
  31  3:38  SCV  
  34  3:41  Marauder  
  34  3:45  SCV  
  35  3:50  SCV  
  35  3:51  Factory Tech Lab  
  35  3:54  Supply Depot  
  36  3:59  Reaper  
  36  4:02  SCV  
  38  4:05  SCV  
  39  4:14  SCV  
  40  4:17  SCV  
  40  4:18  Siege Tank  
  40  4:23  Supply Depot  
  44  4:26  SCV  
  44  4:29  SCV  
  46  4:36  Marine  
  46  4:38  SCV  
  48  4:45  SCV  
  49  4:46  Supply Depot  
  49  4:50  SCV  
  50  4:55  Marine  
  50  4:57  SCV  
  52  5:02  SCV  
  53  5:09  SCV  
  53  5:12  Supply Depot  
  53  5:14  Marine, SCV  
  55  5:21  SCV  
  57  5:32  Marine  
  57  5:33  SCV  
  57  5:34  Engineering Bay  
  59  5:36  SCV, Supply Depot  
  59  5:37  Starport  
  60  5:45  SCV  
  61  5:51  Marauder  
  63  5:57  SCV  
  63  6:01  Supply Depot  
  63  6:03  SCV, Missile Turret  
  65  6:05  Missile Turret  
  65  6:06  Missile Turret  
  65  6:09  SCV, Missile Turret  
  65  6:10  Reaper  
  67  6:15  SCV  
  67  6:17  Sensor Tower, Starport Tech Lab  
  68  6:21  SCV, Armory  
  68  6:25  Bunker  
  69  6:27  SCV  
  69  6:28  Supply Depot, Siege Tank  
  69  6:31  Bunker  
  73  6:35  Raven  
  73  6:38  Barracks  
  77  6:47  Marauder  
  77  7:05  Cyclone  
  80  7:18  Raven  
  81  7:24  Barracks Reactor  
  81  8:01  Viking  
  83  9:17  Command Center  
  83  10:12  Medivac, Marine  
  86  10:16  Starport  
  86  10:17  Marine  
  86  10:19  Supply Depot  
  86  10:20  Ghost Academy  
  87  10:21  Fusion Core  
  87  10:24  Engineering Bay  
  87  10:26  Armory  
  87  10:29  SCV  
  87  10:32  SCV  
  87  10:34  SCV  
  89  10:40  Marine  
  89  10:41  Refinery  
  89  10:42  Raven  
  91  10:43  Missile Turret  
  91  10:45  SCV, Missile Turret  
  91  10:48  SCV, Hellion, Refinery  
  82  10:51  Starport Reactor  
  82  10:52  Ghost  
  69  10:57  SCV  
  69  11:00  SCV  
  69  11:02  Sensor Tower  
  59  11:05  Bunker  
  59  11:09  SCV  
  40  11:13  SCV  
Tags
 
Add a new tag
Caveats
  • Supply blocks, unpowered buildings, or Contaminate may cause inaccurate times.
  • Supply counts are checked every 10 seconds.